 Dungeon Crawl Stone Soup version 0.26.1-11-gd32895ea62 (webtiles) character file.

Game seed: 7689455199949089152

459192 robloxmaster the Conqueror (level 24, -4/224 HPs)
             Began as a Hill Orc Fighter on May 26, 2021.
             Was the Champion of Okawaru.
             Slain by a spark wasp (17 damage)
             ... on level 3 of the Depths on May 27, 2021.
             The game lasted 02:54:18 (66317 turns).

robloxmaster the Conqueror (Hill Orc Fighter)      Turns: 66317, Time: 02:54:20

Health: -4/224     AC: 62    Str: 33    XL:     24   Next: 45%
Magic:  32/32      EV:  8    Int:  8    God:    Okawaru [******]
Gold:   5321       SH: 17    Dex: 10    Spells: 23/23 levels left

rFire    + . .     SeeInvis +   N - +0 broad axe (vamp)
rCold    + . .     Faith    +   c - +1 kite shield
rNeg     . . .     Spirit   .   f - +22 crystal plate armour of Fun and Games {rPois}
rPois    +         Reflect  .   Y - +2 hat {SInv}
rElec    .         Harm     .   K - scarf {rC+ rF+}
rCorr    .         Rampage  .   P - +2 pair of gloves {Str+3}
Will     +++..                  C - +2 pair of boots
Stlth    ..........             B - amulet of faith
HPRegen  0.47/turn              x - ring of willpower
MPRegen  0.23/turn              U - ring of willpower

@: about to teleport
A: blink, blurry vision 2, deterioration 1, frail 1, wild magic 1
}: 2/15 runes: barnacled, gossamer
a: Blink, Renounce Religion, Heroism, Finesse


You were on level 3 of the Depths.
You worshipped Okawaru.
Okawaru was exalted by your worship.
You visited 9 branches of the dungeon, and saw 42 of its levels.
You also visited: Gauntlet and Wizlab.

You collected 5661 gold pieces.
You spent 340 gold pieces at shops.

Inventory:

Hand Weapons
 e - a +0 broad axe of flaming
 u - a +1 broad axe
 A - a +2 broad axe of distortion
 N - a +0 vampiric broad axe (weapon)
 X - the +6 broad axe "Fusibbia" {holy, Int+3 Dex+5 SInv}
   (Okawaru gifted it to you on level 3 of the Depths)

   It has been blessed by the Shining One to cause great damage to the undead
   and demons.
   It affects your intelligence (+3).
   It affects your dexterity (+5).
   It lets you see invisible.
Missiles
 w - 9 throwing nets (quivered)
Armour
 c - a +1 kite shield (worn)
 f - the +22 crystal plate armour of Fun and Games (worn) {rPois}
   (You acquired it on level 3 of the Spider Nest)

   It protects you from poison.
 C - a +2 pair of boots (worn)
 K - a scarf of resistance (worn)
 P - a +2 pair of gloves of strength (worn)
 Y - a +2 hat of see invisible (worn)
Jewellery
 t - an uncursed ring of poison resistance
 x - a ring of willpower (left hand)
 z - the ring "Jihirghu" {Fire rElec MP+9 Int+4 Dex+3}
   (You found it on level 2 of the Vaults)

   [ring of fire]

   It enhances your fire magic.
   It affects your intelligence (+4).
   It affects your dexterity (+3).
   It protects you from fire.
   It makes you vulnerable to cold.
   It insulates you from electricity.
   It affects your magic capacity (+9).
 B - an amulet of faith (around neck)
 L - a +4 ring of protection
 U - a ring of willpower (right hand)
 V - an uncursed ring of protection from fire
Wands
 m - a wand of iceblast (30)
 v - a wand of disintegration (20)
 y - a wand of flame (66)
 F - a wand of digging (1)
 J - a wand of paralysis (38)
 W - a wand of acid (8)
Scrolls
 b - 7 scrolls of immolation
 g - 9 scrolls of enchant armour
 h - 7 scrolls of enchant weapon
 j - 7 scrolls of teleportation
 r - 16 scrolls of identify
 D - 20 scrolls of remove curse
 G - a scroll of summoning
 I - 5 scrolls of fear
 M - 6 scrolls of amnesia
 O - 5 scrolls of blinking
 Q - 4 scrolls of magic mapping
 R - a scroll of torment
 S - 7 scrolls of noise
 T - 4 scrolls of fog
Potions
 a - 4 potions of brilliance
 d - 4 potions of might
 i - a potion of heal wounds
 k - 6 potions of lignification
 l - 6 potions of haste
 n - 2 potions of invisibility
 o - 4 potions of berserk rage
 p - 4 potions of flight
 q - 5 potions of attraction
 s - 14 potions of curing
 E - 2 potions of cancellation
 H - 3 potions of magic
 Z - 2 potions of ambrosia


   Skills:
 O Level 27 Fighting
 - Level 20.0 Axes
 + Level 25.9 Armour
 - Level 17.3 Shields
 - Level 12.9 Invocations


You had 23 spell levels left.
You didn't know any spells.
Your spell library contained the following spells:

 Spells                   Type           Power        Failure   Level
 Apportation              Tloc           0%           95%         1
 Beastly Appendage        Tmut           0%           95%         1
 Corona                   Hex            0%           95%         1
 Foxfire                  Conj/Fire      0%           95%         1
 Freeze                   Ice            0%           95%         1
 Magic Dart               Conj           0%           95%         1
 Sandblast                Erth           0%           95%         1
 Shock                    Conj/Air       0%           95%         1
 Sting                    Tmut/Pois      0%           95%         1
 Summon Small Mammal      Summ           0%           95%         1
 Blink                    Tloc           N/A          98%         2
 Call Imp                 Summ           0%           98%         2
 Corpse Rot               Necr/Air       N/A          98%         2
 Ensorcelled Hibernation  Hex/Ice        0%           98%         2
 Passwall                 Tmut/Erth      0%           98%         2
 Poisonous Vapours        Pois/Air       0%           98%         2
 Searing Ray              Conj           0%           98%         2
 Slow                     Hex            0%           98%         2
 Sublimation of Blood     Necr           0%           98%         2
 Swiftness                Air            0%           98%         2
 Wereblood                Tmut           0%           98%         2
 Call Canine Familiar     Summ           0%           100%        3
 Confusing Touch          Hex            0%           100%        3
 Conjure Flame            Conj/Fire      0%           100%        3
 Dazzling Flash           Conj/Hex       0%           100%        3
 Gell's Gravitas          Tloc           0%           100%        3
 Ignite Poison            Fire/Tmut/Pois 0%           100%        3
 Inner Flame              Hex/Fire       0%           100%        3
 Lesser Beckoning         Tloc           0%           100%        3
 Mephitic Cloud           Conj/Pois/Air  0%           100%        3
 Spider Form              Tmut/Pois      0%           100%        3
 Static Discharge         Conj/Air       0%           100%        3
 Stone Arrow              Conj/Erth      0%           100%        3
 Summon Guardian Golem    Hex/Summ       0%           100%        3
 Teleport Other           Tloc           0%           100%        3
 Tukima's Dance           Hex            0%           100%        3
 Airstrike                Air            0%           100%        4
 Animate Dead             Necr           0%           100%        4
 Dispel Undead            Necr           0%           100%        4
 Fulminant Prism          Conj/Hex       0%           100%        4
 Hailstorm                Conj/Ice       0%           100%        4
 Ice Form                 Ice/Tmut       0%           100%        4
 Iskenderun's Mystic Bla  Conj/Tloc      0%           100%        4
 Leda's Liquefaction      Hex/Erth       0%           100%        4
 Olgreb's Toxic Radiance  Pois           0%           100%        4
 Passage of Golubria      Tloc           N/A          100%        4
 Petrify                  Tmut/Erth      0%           100%        4
 Sticky Flame             Conj/Fire      0%           100%        4
 Summon Ice Beast         Ice/Summ       0%           100%        4
 Summon Lightning Spire   Summ/Air       0%           100%        4
 Agony                    Necr           0%           100%        5
 Alistair's Intoxication  Tmut/Pois      0%           100%        5
 Blade Hands              Tmut           0%           100%        5
 Bolt of Magma            Conj/Fire/Erth 0%           100%        5
 Borgnjor's Vile Clutch   Necr/Erth      0%           100%        5
 Excruciating Wounds      Necr           0%           100%        5
 Fireball                 Conj/Fire      0%           100%        5
 Irradiate                Conj/Tmut      0%           100%        5
 Iskenderun's Battlesphe  Conj           0%           100%        5
 Lee's Rapid Deconstruct  Erth           0%           100%        5
 Lightning Bolt           Conj/Air       0%           100%        5
 Metabolic Englaciation   Hex/Ice        0%           100%        5
 Silence                  Hex/Air        0%           100%        5
 Summon Forest            Summ/Tloc      0%           100%        5
 Conjure Ball Lightning   Conj/Air       0%           100%        6
 Death Channel            Necr           0%           100%        6
 Eringya's Noxious Bog    Tmut/Pois      0%           100%        6
 Freezing Cloud           Conj/Ice/Air   0%           100%        6
 Hydra Form               Tmut           0%           100%        6
 Invisibility             Hex            0%           100%        6
 Iron Shot                Conj/Erth      0%           100%        6
 Ozocubu's Refrigeration  Ice            0%           100%        6
 Simulacrum               Ice/Necr       0%           100%        6
 Statue Form              Tmut/Erth      0%           100%        6
 Dragon Form              Tmut           0%           100%        7
 Haunt                    Necr/Summ      0%           100%        7
 Malign Gateway           Summ/Tloc      0%           100%        7
 Spellforged Servitor     Conj/Summ      0%           100%        7
 Summon Hydra             Summ           0%           100%        7
 Borgnjor's Revivificati  Necr           0%           100%        8
 Discord                  Hex            0%           100%        8
 Infestation              Necr           0%           100%        8
 Necromutation            Tmut/Necr      0%           100%        8
 Death's Door             Necr           0%           100%        9
 Shatter                  Erth           0%           100%        9
 Tornado                  Air            0%           100%        9


Dungeon Overview and Level Annotations

Branches:
Dungeon (15/15)            Temple (1/1) D:6            Lair (6/6) D:8
 Shoals (4/4) Lair:3       Spider (4/4) Lair:2        Slime (0/5) Lair:6
    Orc (2/2) D:12            Elf (3/3) Orc:2        Vaults (4/5) D:14
  Crypt (0/3) Vaults:3     Depths (3/5) D:15         WizLab (visited)
Gauntlet (visited)

Altars:
Ashenzari
Cheibriados
Dithmenos
Elyvilon
Fedhas
Gozag
Hepliaklqana
Kikubaaqudgha
Makhleb
Nemelex Xobeh
Okawaru
Qazlal
Ru
Sif Muna
Trog
Uskayaw
Vehumet
Wu Jian
Xom
Yredelemnul
Zin
The Shining One
Beogh
Jiyva
Lugonu

Shops:
D:4 *   Orc:2 :*[(   Vaults:3 ?

Portals:
Hell: Lair:6 Depths:1 Depths:2
Abyss: Spider:4 Depths:1
Ziggurat: Depths:2

Annotations:
Lair:1 3 runed translucent doors, Eryximachus's ghost, journeyman OpCj; Golfball's ghost, journeyman GrEE; ISoar's ghost, journeyman TeAE
Spider:1 exclusion: ice statue
Elf:3 3 runed translucent doors, Diggabert's ghost, adept HOFi
Depths:3 3 runed translucent doors, Izxaffuj's ghost, adept TrMo
Abyss:1 Jory; Nikola


Innate Abilities, Weirdness & Mutations

You can translocate small distances at will.
Scrolls take you longer to read.
Your body sometimes deteriorates upon taking damage.
You are frail. (-10% HP)
Your spells are a little harder to cast, but a little more powerful.


Message History

The yaktaur hits you but does no damage.
The spark wasp stings you.
* * * LOW HITPOINT WARNING * * *
The spark wasp shocks you!
* * * LOW HITPOINT WARNING * * *
The yaktaur completely misses you. You block the yaktaur's attack.
You feel much better.
The spark wasp stings you but does no damage.
The yaktaur misses you.
The yaktaur hits you but does no damage.
You block the yaktaur's attack. x2
The Tzitzimitl calls on the powers of darkness!
The deep elf demonologist convulses!
The yaktaur convulses!
Your body is wracked with pain!
* * * LOW HITPOINT WARNING * * *
The spark wasp convulses!
The yaktaur convulses! x4
The spark wasp stings you!
* * * LOW HITPOINT WARNING * * *
The spark wasp shocks you!
You die...

..##
#####.....#
.## #).....#
## #:.....#
#####.....#
##):###....#
##....###...#
#.....3###..#
.....ccc##..#
..1.2ec@y(..#
.....4c.....#
#############


You could see a Tzitzimitl (summoned), a cacodemon (summoned), a spark wasp, a
soul eater (summoned), a deep elf demonologist, 5 yaktaurs and an ice devil
(summoned).

Vanquished Creatures
  Bai Suzhen (Vaults:3)
  Saint Roka (Depths:3)
  The ghost of Marixus the Executioner, an adept HOFi of Beogh (Vaults:2)
  Arachne (Spider:2)
  4 liches
  Jorgrun (Shoals:1)
  Asterion (Spider:4)
  2 deep elf master archers (Elf:3)
  2 deep elf blademasters (Elf:3)
  2 titans
  A kraken (Shoals:4)
  A sphinx (Vaults:4)
  Polyphemus (Shoals:1)
  Frances (Spider:2)
  Kirke (Shoals:1)
  2 shadow dragons
  A tengu reaver (Depths:2)
  Donald (Vaults:3)
  Roxanne (Shoals:1)
  5 fire giants
  Ilsuiw (Shoals:2)
  3 ghost moths
  4 deep elf sorcerers
  Louise (D:15)
  3 emperor scorpions
  5 frost giants
  3 orc warlords
  10 vault wardens
  3 deep elf elementalists (Elf:3)
  8 ironheart preservers
  9 stone giants
  7 very ugly things
  A minotaur (Gauntlet)
  4 entropy weavers
  3 dire elephants (Lair:6)
  A vampire knight (Depths:2)
  5 spark wasps
  6 deep elf demonologists
  7 purple draconians (WizLab)
  7 deep elf annihilators
  5 merfolk javelineers
  13 ettins
  6 statues (WizLab)
  The ghost of aphrod the Grappler, a journeyman DrTm of Makhleb (D:10)
  5 fire dragons
  13 yaktaur captains
  4 deep elf death magi (Elf:3)
  3 great orbs of eyes
  10 merfolk impalers
  Harold (D:9)
  3 vault guards (D:14)
  5 boulder beetles
  2 deep elf high priests (Elf:3)
  A naga warrior (Vaults:2)
  6 rakshasas
  The ghost of Mrcawl the Spear-Bearer, a journeyman DsGl of Kikubaaqudgha (D:11)
  An anaconda (Shoals:4)
  5 hydras
  9 ice dragons
  3 spriggan air magi (Depths:2)
  50 two-headed ogres
  5 merfolk avatars
  2 catoblepae
  14 ogre magi
  An alligator snapping turtle (Shoals:3)
  3 alligators (Shoals:4)
  9 centaur warriors
  A death knight (Vaults:2)
  4 merfolk aquamancers
  9 tengu warriors
  A satyr (Shoals:4)
  25 dancing weapons
  5 deep troll earth magi
  11 death yaks
  3 deep troll shamans
  A vampire mage (Depths:2)
  6 orc high priests
  4 spriggan berserkers (Depths:2)
  Nergalle (Orc:2)
  A fire crab (shapeshifter) (D:15)
  2 shadow wraiths
  16 deep elf knights
  A sixfirhy (Lair:6)
  3 skeletal warriors
  10 sea snakes
  An unseen horror (shapeshifter) (Vaults:4)
  A death drake (shapeshifter) (D:13)
  13 deep trolls
  6 hell knights (Depths:2)
  2 unseen horrors (D:15)
  2 flayed ghosts
  3 glowing orange brains
  Pikel (D:8)
  A lindwurm (Lair:6)
  11 ironbrand convokers
  16 orc knights
  A wolf spider zombie (D:15)
  11 deep elf archers
  5 wizards
  18 harpies
  A phantasmal warrior (D:15)
  33 wolf spiders
  36 ugly things
  4 necromancers
  2 stone giant zombies
  3 orc sorcerers (Orc:2)
  20 orb spiders
  12 elephants
  7 fauns
  8 manticores
  7 cyclopes
  64 deep elf magi
  2 moths of wrath (Spider:4)
  12 merfolk sirens
  3 black mambas
  A salamander (shapeshifter) (Vaults:1)
  8 water nymphs
  2 centaur zombies
  7 vault sentinels
  3 orange demons (Lair:6)
  2 torpor snails
  7 cane toads
  4 gargoyles
  A black mamba (shapeshifter) (Depths:2)
  A smoke demon (Lair:6)
  A storm dragon simulacrum (Vaults:2)
  8 freezing wraiths
  A cane toad (shapeshifter) (Vaults:4)
  12 demonic crawlers
  8 komodo dragons
  A kobold demonologist (D:13)
  2 spriggan zombies (D:15)
  3 rime drakes
  A tengu conjurer (D:14)
  A hellwing (Depths:1)
  An ice devil (Lair:6)
  A komodo dragon (shapeshifter) (Depths:3)
  A yaktaur (shapeshifter) (Vaults:1)
  An efreet (D:15)
  A meliai (shapeshifter) (Elf:2)
  49 yaktaurs
  A tyrant leech (Gauntlet)
  6 trolls
  3 red devils
  6 polar bears
  A queen bee (Gauntlet)
  7 wind drakes
  33 merfolk
  29 jumping spiders
  13 hornets
  A wolf spider simulacrum (D:14)
  A hornet (shapeshifter) (Vaults:2)
  9 blink frogs
  24 slime creatures
  15 snapping turtles
  7 dream sheep
  A dream sheep (shapeshifter) (Depths:2)
  A deep troll zombie (D:15)
  A frost giant simulacrum (Vaults:3)
  A redback (shapeshifter) (Depths:3)
  71 redbacks
  2 air elementals (Elf:2)
  A spriggan (shapeshifter) (Depths:2)
  4 wraiths
  2 tarantellas (shapeshifter)
  A centaur simulacrum (D:15)
  36 tarantellas
  13 water elementals
  6 wyverns
  A shadow (D:11)
  7 basilisks
  8 humans (D:14)
  A yak (shapeshifter) (D:8)
  Eustachio (D:5)
  2 steam dragons
  48 yaks
  A vampire mosquito (D:10)
  7 hogs (Shoals:1)
  5 wargs
  A soldier ant (shapeshifter) (Vaults:3)
  4 swamp worms (Gauntlet)
  An acid dragon (D:11)
  Edmund (D:5)
  A soldier ant (D:12)
  18 water moccasins
  4 hell hounds (Lair:6)
  2 floating eyes
  56 orc warriors
  7 sky beasts
  A human zombie (Vaults:2)
  An eye of draining (D:15)
  12 ice beasts
  5 black bears
  A necrophage (D:14)
  5 boggarts (Vaults:2)
  11 wolves
  17 centaurs
  44 ogres
  A lemure (D:8)
  18 bullfrogs
  4 big kobolds
  Blork the orc (D:5)
  2 gnoll sergeants
  A wyvern zombie (D:13)
  3 earth elementals
  4 scorpions
  A wyvern skeleton (D:10)
  5 wights
  19 killer bees
  5 electric eels
  A howler monkey (D:7)
  3 human simulacra
  2 bullfrog zombies
  2 jellies
  7 centaur skeletons
  11 hounds
  25 orc priests
  2 bullfrog skeletons
  4 iguanas
  36 orc wizards
  12 worker ants
  5 hell rats (Lair:2)
  A hound zombie (D:10)
  A hound skeleton (D:8)
  A worker ant zombie (D:6)
  15 gnolls
  8 adders
  2 shadow imps
  3 white imps
  An ufetubus (Vaults:4)
  An ooze (D:6)
  An adder skeleton (D:4)
  6 worms
  2 dart slugs
  6 leopard geckos
  88 orcs
  2 ball pythons (D:1)
  6 bats
  7 giant cockroaches
  6 hobgoblins
  6 jackals
  3 quokkas
  A ball python skeleton (D:4)
  7 frilled lizards
  A goblin (D:1)
  2 jackal skeletons
  A jackal zombie (D:6)
  22 kobolds
  6 rats
  5 butterflies (Vaults:4)
  A lurking horror (Spider:4)
  4 tentacles (Shoals:4)
1800 creatures vanquished.

Vanquished Creatures (others)
  A merfolk javelineer (Shoals:2)
  A yaktaur captain (Depths:2)
  A catoblepas (Shoals:2)
  A deep elf knight (Vaults:4)
  A human (D:14)
  An ogre (Depths:3)
  An orc wizard (Depths:3)
  An orc (D:8)
  23 demonic plants (Gauntlet)
  33 fungi
  103 plants
  4 tentacles (Shoals:4)
  20 withered plants
191 creatures vanquished.

Grand Total: 1991 creatures vanquished

Notes
Turn   | Place    | Note
-------+----------+-------------------------------------------
     0 | D:1      | robloxmaster the Hill Orc Fighter began the quest for the
                  | Orb.
     0 | D:1      | Reached XP level 1. HP: 19/19 MP: 1/1
   341 | D:1      | Reached XP level 2. HP: 27/27 MP: 2/2
   742 | D:1      | Reached skill level 4 in Fighting
   864 | D:1      | Reached XP level 3. HP: 33/33 MP: 3/3
  2802 | D:3      | Reached XP level 4. HP: 38/40 MP: 4/4
  2948 | D:3      | You fall into a shaft and drop 3 floors!
  2978 | D:6      | Reached XP level 5. HP: 42/47 MP: 5/5
  3007 | D:6      | Reached XP level 6. HP: 53/55 MP: 6/6
  3047 | D:5      | Entered Level 5 of the Dungeon
  3054 | D:5      | Reached skill level 5 in Fighting
  3279 | D:5      | Reached skill level 5 in Axes
  3652 | D:5      | Reached skill level 5 in Armour
  3829 | D:4      | Reached skill level 5 in Shields
  3829 | D:4      | Reached XP level 7. HP: 46/61 MP: 7/7
  4158 | D:4      | Found a sacrificial altar of Ru.
  4885 | D:3      | Reached skill level 6 in Fighting
  5405 | D:4      | Found Oram Mot's Assorted Antiques.
  5821 | D:5      | Reached XP level 8. HP: 38/71 MP: 8/8
  6147 | D:5      | Noticed Edmund
  6173 | D:5      | Killed Edmund
  6338 | D:5      | Noticed Blork the orc
  6358 | D:5      | Killed Blork the orc
  6527 | D:5      | Noticed Eustachio
  6548 | D:5      | Killed Eustachio
  6549 | D:5      | Reached skill level 7 in Fighting
  7079 | D:6      | Found a staircase to the Ecumenical Temple.
  7106 | Temple   | Entered the Ecumenical Temple
  7478 | Temple   | Became a worshipper of Warmaster Okawaru
  8291 | D:7      | Reached XP level 9. HP: 69/79 MP: 9/9
  8385 | D:7      | Reached * piety under Okawaru
  8697 | D:7      | Reached skill level 1 in Invocations
  9546 | D:8      | Reached skill level 8 in Fighting
  9589 | D:8      | Noticed Pikel
  9616 | D:8      | Killed Pikel
  9675 | D:8      | Reached ** piety under Okawaru
  9800 | D:8      | Found a staircase to the Lair.
  9827 | D:8      | Reached skill level 5 in Invocations
  9838 | D:8      | Reached XP level 10. HP: 40/90 MP: 6/14
 10228 | D:8      | Reached skill level 9 in Fighting
 10279 | D:8      | Found an ancient bone altar of Kikubaaqudgha.
 10505 | D:8      | Reached *** piety under Okawaru
 10745 | D:8      | Gained mutation: Your spells are a little harder to cast,
                  | but a little more powerful. [potion of mutation]
 10745 | D:8      | Gained mutation: Scrolls take you a little longer to read.
                  | [potion of mutation]
 10745 | D:8      | Gained mutation: You can translocate small distances at
                  | will. [potion of mutation]
 10789 | D:8      | Reached **** piety under Okawaru
 11081 | D:8      | Noticed a boulder beetle
 11113 | D:8      | Killed a boulder beetle
 11114 | D:8      | Reached skill level 10 in Axes
 11114 | D:8      | Reached XP level 11. HP: 26/99 MP: 2/17
 12478 | D:9      | Reached ***** piety under Okawaru
 12774 | D:9      | Noticed Harold
 12803 | D:9      | Killed Harold
 12803 | D:9      | Received a gift from Okawaru
 12804 | D:9      | Reached skill level 10 in Fighting
 13016 | D:10     | Entered Level 10 of the Dungeon
 13090 | D:10     | Found a flagged portal.
 13154 | D:10     | Reached skill level 10 in Invocations
 13411 | D:10     | Found a transporter.
 13413 | D:10     | Found a transporter.
 13887 | D:10     | Noticed a two-headed ogre
 13888 | D:10     | Noticed aphrod's ghost (journeyman DrTm)
 13893 | D:10     | Noticed a tengu warrior
 14174 | D:11     | Noticed a two-headed ogre
 14192 | D:11     | Killed a two-headed ogre
 14584 | D:11     | Received a gift from Okawaru
 14784 | D:11     | Reached XP level 12. HP: 108/108 MP: 20/20
 15245 | D:11     | Found a runed translucent gate.
 15245 | D:11     | Found a runed translucent gate.
 15245 | D:11     | Found a runed translucent gate.
 15247 | D:11     | Noticed an ice dragon
 15247 | D:11     | Noticed Mrcawl's ghost (journeyman DsGl)
 15732 | D:12     | Reached skill level 10 in Armour
 15810 | D:12     | Reached skill level 10 in Shields
 15898 | D:12     | Reached skill level 11 in Fighting
 16221 | D:12     | Got a buzzing hand axe
 16222 | D:12     | Identified the +8 hand axe of Taxation {speed, SInv} (You
                  | found it on level 12 of the Dungeon)
 16282 | D:12     | Noticed a two-headed ogre
 16294 | D:12     | Killed a two-headed ogre
 16327 | D:12     | Found a staircase to the Orcish Mines.
 17062 | D:13     | Noticed a catoblepas
 17078 | D:13     | Killed a catoblepas
 17330 | D:13     | Found a gate leading to a gauntlet.
 17339 | Gauntlet | Entered a Gauntlet
 17339 | Gauntlet | Found a large runed translucent door.
 17339 | Gauntlet | Found a large runed translucent door.
 17339 | Gauntlet | Found a large runed translucent door.
 17339 | Gauntlet | Found a large runed translucent door.
 17339 | Gauntlet | Found a runed translucent door.
 17339 | Gauntlet | Found a large runed translucent door.
 17339 | Gauntlet | Found a large runed translucent door.
 17339 | Gauntlet | Found a large runed translucent door.
 17339 | Gauntlet | Found a large runed translucent door.
 17339 | Gauntlet | Found a runed translucent gate.
 17346 | Gauntlet | Found a transporter.
 17346 | Gauntlet | Found a runed translucent gate.
 17346 | Gauntlet | Found a transporter.
 17348 | Gauntlet | Found a runed translucent gate.
 17353 | Gauntlet | Noticed a reaper
 17355 | Gauntlet | Found a transporter.
 17359 | Gauntlet | Found a transporter.
 17373 | Gauntlet | Found a transporter.
 17375 | Gauntlet | Found a transporter.
 17392 | Gauntlet | Found a transporter.
 17396 | Gauntlet | Found a transporter.
 17407 | Gauntlet | Found a transporter.
 17410 | Gauntlet | Found a transporter.
 17421 | Gauntlet | Found a transporter.
 17440 | Gauntlet | Found a transporter.
 17441 | Gauntlet | Found a runed translucent door.
 17442 | Gauntlet | Found a large runed translucent door.
 17442 | Gauntlet | Found a large runed translucent door.
 17442 | Gauntlet | Found a large runed translucent door.
 17442 | Gauntlet | Found a large runed translucent door.
 17443 | Gauntlet | Found a large runed translucent door.
 17444 | Gauntlet | Found a large runed translucent door.
 17452 | Gauntlet | Found a large runed translucent door.
 17452 | Gauntlet | Found a large runed translucent door.
 17478 | Gauntlet | Noticed a green death
 17611 | Gauntlet | Identified a scroll of acquirement
 17617 | Gauntlet | Acquired a manual of Shields
 17826 | Gauntlet | Received a gift from Okawaru
 18022 | Gauntlet | Noticed a minotaur
 18067 | Gauntlet | Killed a minotaur
 18068 | Gauntlet | Reached XP level 13. HP: 58/117 MP: 8/22
 18079 | Gauntlet | Got a crude scale mail
 18082 | Gauntlet | Identified the cursed +0 scale mail "Xyrezi" {rC+ Str+4
                  | Int+2} (You found it in a Gauntlet)
 19155 | D:14     | Reached skill level 12 in Fighting
 19614 | D:14     | Received a gift from Okawaru
 19672 | D:14     | Reached ****** piety under Okawaru
 20080 | D:14     | Received a gift from Okawaru
 20253 | D:14     | Noticed a vault guard
 20266 | D:14     | Killed a vault guard
 20268 | D:14     | Noticed a vault guard
 20292 | D:14     | Killed a vault guard
 20305 | D:14     | Noticed a vault guard
 20323 | D:14     | Killed a vault guard
 20353 | D:14     | Found a gate to the Vaults.
 20452 | D:15     | Entered Level 15 of the Dungeon
 20465 | D:15     | Received a gift from Okawaru
 20579 | D:15     | Reached skill level 13 in Fighting
 20718 | D:15     | Reached XP level 14. HP: 112/129 MP: 19/23
 21048 | Lair:1   | Entered Level 1 of the Lair of Beasts
 21507 | Lair:1   | Found a runed translucent gate.
 21507 | Lair:1   | Found a runed translucent gate.
 21507 | Lair:1   | Found a runed translucent gate.
 21907 | Lair:1   | Noticed Golfball's ghost (journeyman GrEE)
 21907 | Lair:1   | Noticed ISoar's ghost (journeyman TeAE)
 21907 | Lair:1   | Noticed Eryximachus's ghost (journeyman OpCj)
 22187 | Lair:2   | Found a hole to the Spider Nest.
 23839 | Lair:3   | Found a staircase to the Shoals.
 24567 | Lair:4   | Received a gift from Okawaru
 24568 | Lair:4   | Got a pitted hat {god gift}
 24582 | Lair:4   | Identified the +2 hat "Jorrejur" {Rampage rF- Regen+ Int+3}
                  | (Okawaru gifted it to you on level 4 of the Lair of Beasts)
 25626 | Lair:5   | Reached skill level 14 in Fighting
 25984 | Lair:5   | Reached skill level 15 in Shields
 25987 | Lair:5   | Reached skill level 15 in Axes
 26586 | Lair:6   | Entered Level 6 of the Lair of Beasts
 26982 | Lair:6   | Noticed a dire elephant
 26996 | Lair:6   | Killed a dire elephant
 27017 | Lair:6   | Reached XP level 15. HP: 139/139 MP: 22/24
 27068 | Lair:6   | Received a gift from Okawaru
 27069 | Lair:6   | Got a spiked hat {god gift}
 27080 | Lair:6   | Identified the +1 hat of the Five Tables {-Tele rPois
                  | rCorr} (Okawaru gifted it to you on level 6 of the Lair of
                  | Beasts)
 27624 | Lair:6   | Found a viscous altar of Jiyva.
 27625 | Lair:6   | Found a staircase to the Slime Pits.
 28538 | Lair:6   | Found a burning altar of Makhleb.
 28968 | Lair:6   | Found a gateway to Hell.
 29073 | Lair:6   | Reached skill level 15 in Fighting
 29574 | Orc:1    | Entered Level 1 of the Orcish Mines
 30590 | Orc:2    | Entered Level 2 of the Orcish Mines
 30654 | Orc:2    | Found a staircase to the Elven Halls.
 30786 | Orc:2    | Received a gift from Okawaru
 30822 | Orc:2    | Noticed an orc warlord
 30967 | Orc:2    | Killed an orc warlord
 31335 | Orc:2    | Found a roughly hewn altar of Beogh.
 31376 | Orc:2    | Noticed Nergalle
 31396 | Orc:2    | Killed Nergalle
 31413 | Orc:2    | Found a roughly hewn altar of Beogh.
 31420 | Orc:2    | Found Qaazxuy's General Store.
 31614 | Orc:2    | Found Jiamin's Book Shop.
 31667 | Orc:2    | Found Gidar's Antique Armour Shop.
 31683 | Orc:2    | Found Omuqamm's Antique Weapon Shop.
 32128 | Spider:1 | Entered Level 1 of the Spider Nest
 32648 | Spider:1 | Reached XP level 16. HP: 102/149 MP: 23/25
 34125 | Spider:1 | Received a gift from Okawaru
 34126 | Spider:1 | Got a pearl-studded scale mail {god gift}
 34137 | Spider:1 | Identified the +1 scale mail of Indomitability {Will++}
                  | (Okawaru gifted it to you on level 1 of the Spider Nest)
 34317 | Spider:2 | Noticed Arachne
 34738 | Spider:2 | Reached skill level 16 in Fighting
 34861 | Spider:2 | Noticed Frances
 34886 | Spider:2 | Killed Frances
 34979 | Spider:2 | Reached skill level 15 in Armour
 35140 | Spider:2 | Killed Arachne
 37066 | Spider:4 | Entered Level 4 of the Spider Nest
 37455 | Spider:4 | Received a gift from Okawaru
 38295 | Spider:3 | Reached XP level 17. HP: 55/160 MP: 9/26
 38658 | Spider:4 | Reached skill level 17 in Fighting
 38740 | Spider:4 | Found a one-way gate to the infinite horrors of the Abyss.
 38740 | Spider:4 | Found a corrupted altar of Lugonu.
 39745 | Spider:4 | Received a gift from Okawaru
 40263 | Spider:4 | Noticed Asterion
 40266 | Spider:4 | Noticed an Executioner
 40430 | Spider:4 | Killed Asterion
 40620 | Spider:3 | Acquired the +22 crystal plate armour of Fun and Games
                  | {rPois}
 40973 | Spider:4 | Got a gossamer rune of Zot
 41250 | D:10     | Killed aphrod's ghost
 41459 | D:11     | Killed Mrcawl's ghost
 41625 | Vaults:1 | Entered Level 1 of the Vaults
 41806 | Vaults:1 | Reached skill level 18 in Fighting
 41867 | Vaults:1 | Received a gift from Okawaru
 42199 | Vaults:1 | Reached XP level 18. HP: 160/172 MP: 27/27
 42916 | Vaults:1 | Received a gift from Okawaru
 43302 | Vaults:1 | Reached skill level 19 in Fighting
 43471 | Vaults:2 | Received a gift from Okawaru
 43601 | Vaults:2 | You fall into a shaft and drop 1 floor!
 43858 | Vaults:2 | Found a magical portal.
 43864 | WizLab   | Entered Iskenderun's Mystic Tower
 44085 | WizLab   | Reached XP level 19. HP: 162/184 MP: 28/28
 44839 | WizLab   | Reached skill level 20 in Fighting
 45165 | WizLab   | Identified Iskenderun's Papyrus of Conjuration
 45165 | WizLab   | Identified Iskenderun's Papyrus of Conjuration
 45512 | Vaults:2 | Received a gift from Okawaru
 45513 | Vaults:2 | Got an ichor-stained scale mail {god gift}
 45536 | Vaults:2 | Identified the +2 scale mail "Ebbuc" {rPois Int+2} (Okawaru
                  | gifted it to you on level 2 of the Vaults)
 46068 | Vaults:2 | Got a coiled wooden ring
 46070 | Vaults:2 | Identified the ring "Jihirghu" {Fire rElec MP+9 Int+4
                  | Dex+3} (You found it on level 2 of the Vaults)
 46221 | Vaults:2 | Found a runed translucent gate.
 46221 | Vaults:2 | Found a runed translucent gate.
 46221 | Vaults:2 | Found a runed translucent gate.
 46223 | Vaults:2 | Noticed Marixus's ghost (adept HOFi)
 46244 | Vaults:2 | Noticed Jory
 46286 | Vaults:2 | Banished Jory
 46287 | Vaults:2 | Reached skill level 21 in Fighting
 46410 | Vaults:2 | You fall into a shaft and drop 2 floors!
 46934 | Vaults:3 | Noticed Nikola
 46942 | Vaults:3 | Banished Nikola
 46979 | Vaults:3 | Reached XP level 20. HP: 111/198 MP: 17/29
 47417 | Vaults:3 | Found a staircase to the Crypt.
 47417 | Vaults:3 | Found an ancient bone altar of Kikubaaqudgha.
 47417 | Vaults:3 | Found a basalt altar of Yredelemnul.
 47564 | Vaults:3 | Found Zyzerudgh's Magic Scroll Shoppe.
 47570 | Vaults:3 | Bought a scroll of brand weapon for 340 gold pieces
 47578 | Vaults:3 | Gained mutation: You are frail. (-10% HP) [mutagenic glow]
 47626 | Vaults:3 | Identified the cursed +0 kite shield of Fallacy {*Drain
                  | rElec Regen+}
 47626 | Vaults:3 | Noticed Donald
 47645 | Vaults:3 | Killed Donald
 47687 | Vaults:3 | Noticed Bai Suzhen
 48226 | Vaults:2 | Received a gift from Okawaru
 48256 | Vaults:2 | Reached skill level 22 in Fighting
 48278 | Vaults:2 | Killed Marixus's ghost
 48279 | Vaults:2 | Found an iron altar of Okawaru.
 48362 | Vaults:2 | Identified the Reference Book on Cold
 48613 | Vaults:3 | Killed Bai Suzhen
 49280 | Vaults:4 | Found a huge runed gate.
 49280 | Vaults:4 | Found a huge runed gate.
 49280 | Vaults:4 | Found a huge runed gate.
 49280 | Vaults:4 | Found a huge runed gate.
 49280 | Vaults:4 | Found a huge runed gate.
 49280 | Vaults:4 | Found a huge runed gate.
 49281 | Vaults:4 | Found a huge runed gate.
 49281 | Vaults:4 | Found a huge runed gate.
 49281 | Vaults:4 | Found a huge runed gate.
 49282 | Vaults:4 | Found a huge runed gate.
 49286 | Vaults:4 | Found a huge runed gate.
 49286 | Vaults:4 | Found a huge runed gate.
 49286 | Vaults:4 | Found a huge runed gate.
 49286 | Vaults:4 | Found a huge runed gate.
 49286 | Vaults:4 | Found a huge runed gate.
 49287 | Vaults:4 | Found a huge runed gate.
 49288 | Vaults:4 | Found a huge runed gate.
 49289 | Vaults:4 | Found a huge runed gate.
 49290 | Vaults:4 | Found a huge runed gate.
 49391 | Vaults:4 | Found a huge runed gate.
 49391 | Vaults:4 | Found a huge runed gate.
 49391 | Vaults:4 | Found a huge runed gate.
 49391 | Vaults:4 | Found a huge runed gate.
 49391 | Vaults:4 | Found a huge runed gate.
 49392 | Vaults:4 | Found a huge runed gate.
 49393 | Vaults:4 | Found a huge runed gate.
 49401 | Vaults:4 | Received a gift from Okawaru
 49691 | Vaults:4 | Noticed a lich
 49726 | Vaults:4 | Killed a lich
 49852 | Vaults:4 | Reached XP level 21. HP: 189/189 MP: 30/30
 50122 | Vaults:4 | Reached skill level 23 in Fighting
 50343 | Vaults:4 | Found a huge runed gate.
 50343 | Vaults:4 | Found a huge runed gate.
 50351 | Vaults:4 | Found a huge runed gate.
 50351 | Vaults:4 | Found a huge runed gate.
 50351 | Vaults:4 | Found a huge runed gate.
 50351 | Vaults:4 | Found a huge runed gate.
 50351 | Vaults:4 | Found a huge runed gate.
 50351 | Vaults:4 | Found a huge runed gate.
 50352 | Vaults:4 | Found a huge runed gate.
 50353 | Vaults:4 | Found a huge runed gate.
 50891 | Elf:1    | Entered Level 1 of the Elven Halls
 51632 | Elf:1    | Received a gift from Okawaru
 51633 | Elf:1    | Got a pair of fine gloves {god gift}
 51644 | Elf:1    | Identified the +0 pair of gloves "Ippicenu" {rPois rC-
                  | Dex-3 Slay+4} (Okawaru gifted it to you on level 1 of the
                  | Elven Halls)
 51830 | Elf:1    | Identified the Incunabulum of Supportive Conjuration
 52283 | Elf:2    | Found a runed translucent gate.
 52283 | Elf:2    | Found a runed translucent gate.
 52283 | Elf:2    | Found a runed translucent gate.
 53120 | Elf:3    | Entered Level 3 of the Elven Halls
 53436 | Elf:3    | Found a runed translucent gate.
 53436 | Elf:3    | Found a runed translucent gate.
 53437 | Elf:3    | Found a runed translucent gate.
 53438 | Elf:3    | Noticed Diggabert's ghost (adept HOFi)
 53438 | Elf:3    | Noticed Diggabert's ghost (adept HOFi)
 53708 | Elf:3    | Found a roughly hewn altar of Beogh.
 53775 | Elf:3    | Reached skill level 24 in Fighting
 54551 | Elf:3    | Identified the cursed +0 broad axe of Causality {vorpal,
                  | rN+ Str+4}
 54834 | Elf:3    | Received a gift from Okawaru
 54835 | Elf:3    | Reached XP level 22. HP: 196/198 MP: 31/31
 54987 | Elf:3    | Identified the Disquisition on the Ashen Birds
 55105 | Elf:3    | Identified the Disquisition on Bewitching Snow
 55108 | Elf:3    | Identified Soyxuw's Volume of the Mountains and Creation
 55111 | Elf:3    | Identified Xozam's Disquisition on Cloudy Creation
 55628 | Shoals:1 | Entered Level 1 of the Shoals
 55686 | Shoals:1 | Noticed Roxanne
 55698 | Shoals:1 | Noticed Jorgrun
 55717 | Shoals:1 | Killed Jorgrun
 55802 | Shoals:1 | Noticed Kirke
 55829 | Shoals:1 | Killed Kirke
 56244 | Shoals:1 | Killed Roxanne
 56463 | Shoals:2 | Noticed Ilsuiw
 56507 | Shoals:2 | Killed Ilsuiw
 56945 | Shoals:2 | Noticed Polyphemus
 56977 | Shoals:1 | Killed Polyphemus
 57829 | Shoals:3 | Reached skill level 25 in Fighting
 58405 | Shoals:4 | Entered Level 4 of the Shoals
 58460 | Shoals:4 | Received a gift from Okawaru
 58732 | Shoals:4 | Got a barnacled rune of Zot
 58832 | Shoals:4 | Identified the Catalogue of Mutagenic Attacks
 59630 | Shoals:4 | Received a gift from Okawaru
 59682 | Shoals:4 | Reached XP level 23. HP: 153/210 MP: 32/32
 60629 | D:14     | Got a flickering brass ring
 60632 | D:14     | Identified the ring of Ovoud {rN+ EV+4} (You found it on
                  | level 14 of the Dungeon)
 60720 | D:15     | Found a staircase to the Depths.
 61231 | D:15     | Noticed Louise
 61248 | D:15     | Killed Louise
 61643 | Depths:1 | Entered Level 1 of the Depths
 61667 | Depths:1 | Received a gift from Okawaru
 62222 | Depths:1 | Reached skill level 26 in Fighting
 63704 | Depths:2 | Found a white marble altar of Elyvilon.
 63704 | Depths:2 | Found a glowing silver altar of Zin.
 63705 | Depths:2 | Found an ornate altar of the Wu Jian Council.
 63708 | Depths:2 | Found a gateway to a ziggurat.
 63765 | Depths:2 | Received a gift from Okawaru
 64672 | Depths:2 | Noticed a golden dragon
 64689 | Depths:2 | Banished a golden dragon
 64690 | Depths:2 | Reached XP level 24. HP: 157/222 MP: 29/32
 64703 | Depths:2 | Gained mutation: Your body sometimes deteriorates upon
                  | taking damage. [mutagenic glow]
 64731 | Depths:2 | Gained mutation: Scrolls take you longer to read.
                  | [mutagenic glow]
 65022 | Depths:2 | Reached skill level 27 in Fighting
 65830 | Depths:3 | Received a gift from Okawaru
 65833 | Depths:3 | Found a runed translucent gate.
 65833 | Depths:3 | Found a runed translucent gate.
 65833 | Depths:3 | Found a runed translucent gate.
 65848 | Depths:3 | Noticed Izxaffuj's ghost (adept TrMo)
 65882 | Depths:3 | Got a crystal broad axe {god gift}
 65883 | Depths:3 | Identified the +6 broad axe "Fusibbia" {holy, Int+3 Dex+5
                  | SInv} (Okawaru gifted it to you on level 3 of the Depths)
 65893 | Depths:3 | Found a viscous altar of Jiyva.
 65957 | Depths:3 | Noticed Saint Roka
 65997 | Depths:3 | Killed Saint Roka
 66317 | Depths:3 | Slain by a spark wasp

Illustrated notes

Levels and vault maps discovered:
D:1:      dpeg_arrival_central, layout_basic
D:2:      layout_basic
D:3:      layout_basic, cheibrodos_sewer_entry_bend, st_stairs_5
D:4:      layout_loops_corners, serial_shops, nicolae_shop_trees,
          nicolae_ru_awakened_eye
D:5:      layout_gridville, uniq_edmund, uniq_eustachio, uniq_blork_the_orc
D:6:      layout_gridville, minmay_temple_entry_large_hall, st_stairs_14
D:7:      layout_cave_pools, serial_glass, glass_columns_b, glass_columns_a
D:8:      nzn_winding_woodlands_large [nzn_winding_woodlands_hourglass,
          nzn_winding_woodlands_5x15_lazy_stream,
          nzn_winding_woodlands_5x5_closed_star,
          nzn_winding_woodlands_center_triple_pond,
          nzn_winding_woodlands_15x15_killbox,
          nzn_winding_woodlands_center_diamonds,
          nzn_winding_woodlands_5x5_cross, nzn_winding_woodlands_5x15_twine,
          nzn_winding_woodlands_5x5_default], layout_cave_pods,
          lemuel_doored_altar, minmay_lair_entry_grove, uniq_pikel
D:9:      layout_rooms, uniq_harold
D:10:     layout_loops_corners, enter_bailey_2, nzn_ghost_randoct
D:11:     layout_basic, gammafunk_ghost_split
D:12:     layout_cave_pods, orc_0_dummy, nicolae_twisting_strands
D:13:     layout_cave_pools, gauntlet_entry_generic
D:14:     lemuel_ice_spiral_1, layout_small_grid, ximxim_vaults_locker_room,
          kb_tengu_band
D:15:     gammafunk_depths_entry_grave, layout_stronghold,
          hangedman_abyss_or_decor_clamps, grunt_ministairs_15, nicolae_wwwww,
          uniq_louise
Temple:   regret_index_temple_sigil_plot
Lair:1:   layout_gridlike, gammafunk_ghost_cemetery
Lair:2:   layout_loops_ring, nicolae_spider_entry_tight_spaces,
          wad_woods_river_01
Lair:3:   layout_long_grid, elwin_shoals_entry_rocks, cheibrodos_lair_lostbears
Lair:4:   layout_loops_ring, grunt_megastairs_5
Lair:5:   layout_cave_pods, beast_lair_carwin_5, grunt_megastairs_1
Lair:6:   evil_forest, layout_hall_layers, slime_altar_1
Shoals:1: layout_shoals, uniq_roxanne, uniq_jorgrun, uniq_kirke
Shoals:2: layout_shoals, uniq_polyphemus, uniq_ilsuiw
Shoals:3: layout_shoals, nicolae_shoals_loop_pool
Shoals:4: shoals_end_simple, layout_shoals,
          nicolae_shoals_siren_and_animal_friends
Spider:1: layout_spider_delve, portal_ice_cave_entry_ice_statue_one
Spider:2: layout_spider_delve, drop_trap, uniq_frances, uniq_arachne
Spider:3: layout_spider_delve, drop_trap, nicolae_spider_cling_ruins
Spider:4: spider_rune_water, amcnicky_altar_lugonu_corruption, uniq_asterion
Orc:1:    layout_caves, nicolae_orc_bridge_out, lightli_orcish_oven
Orc:2:    grunt_orc_cross, layout_caves, mines1_david
Elf:1:    eino_elf_arrival_sip, layout_geoelf_octagon, minmay_elf_sorcery,
          st_stairs_7, nicolae_elf_v_pinch
Elf:2:    layout_gridlike, lemuel_flamethrower_3
Elf:3:    elf_hall_gauntlet_wide, layout_gridlike, gammafunk_ghost_cemetery,
          special_room [special_room_orc], st_stairs_7, feat_on_display
Vaults:1: v_misc_2, grunt_vaults_hallway_long, vaults_room_stairs_pillars,
          v_rooms_4, hangedman_vaults_variations, vaults_mumra_hex,
          nicolae_vaults_circle_grid_b, vaults_standard_mumra_lines, v_misc_5,
          ontoclasm_vaults_tryst, vaults_room_pools, v_misc_8,
          layout_vaults_maze_bifur
Vaults:2: gammafunk_vaults_ghost_fury_of_okawaru, hangedman_vaults_locks,
          vaults_room_fancy_cross, nicolae_vaults_little_squares_4, v_rooms_3,
          hangedman_vaults_nails, nicolae_vaults_network_s,
          vaults_mumra_chevron, v_alt_pattern_3, hangedman_vaults_corner,
          hangedman_vaults_slice, ontoclasm_vaults_misaligned,
          vaults_dpeg_encased_lava, grunt_vaults_hallway_short,
          nicolae_vaults_specimen_jars, layout_vaults_omnibox,
          mu_enter_wizlab_4, uniq_jory
Vaults:3: minmay_crypt_entry_necro_gods, v_misc_3, v_alt_pattern_6,
          nicolae_vaults_network_square, v_misc_19, v_misc_30,
          ontoclasm_vaults_shuriken, v_misc_14, nicolae_vaults_gold_heap,
          layout_vaults_big_room, serial_shops, shop_fountains, uniq_bai_suzhen,
          uniq_nikola, uniq_donald
Vaults:4: serial_ice_m, ontoclasm_vaults_decontamination,
          ontoclasm_vaults_hangar, nicolae_vaults_little_squares_4,
          vaults_not_door_vault_mu, nicolae_vaults_border_crossing,
          nicolae_vaults_murderbox, vaults_room_pools, v_pattern_5, v_misc_29,
          layout_vaults_omnigrid
Depths:1: layout_gridlike, minmay_crystal_room, hellmouth_1,
          hangedman_abyss_entry_splay, grunt_ministairs_6,
          kennysheep_just_a_vault, serial_bayou_shore_b
Depths:2: hangedman_slaughterboxes, hell_entry
Depths:3: minmay_fractal_lines_corner, layout_cave_pools, serial_sigils,
          serial_sigils_hangedman_etch, serial_sigils_hangedman_quiver,
          serial_sigils_hangedman_shear, serial_sigils_hangedman_writhe,
          serial_sigils_hangedman_shear, hell_entry, pan_entry,
          gammafunk_ghost_ooze, firewood_loft, uniq_saint_roka, uniq_aizul

Skill      XL: |  1  2  3  4  5  6  7  8  9 10 11 12 13 14 15 16 17 18 19 20 21 22 23 24 |
---------------+-------------------------------------------------------------------------+-----
Axes           | 3 4 5 6 7 9 10 11 12 13 15 16 18 19 20 | 20.0
Fighting       | 4 5 6 7 8 9 10 11 13 14 15 16 18 19 21 22 24 25 26 27 | 27.0
Armour         | 4 5 6 7 8 9 10 12 13 14 15 16 18 19 21 22 23 25 | 25.9
Shields        | 4 5 6 7 8 9 11 13 15 17 | 17.3
Invocations    | 5 8 11 12 | 12.9

Action                   |  1- 3 |  4- 6 |  7- 9 | 10-12 | 13-15 | 16-18 | 19-21 | 22-24 || total
-------------------------+-------+-------+-------+-------+-------+-------+-------+-------++-------
Melee: War axe           |   129 |    79 |   379 |   779 |       |       |       |       ||  1366
       Flail             |       |       |    15 |    14 |    68 |       |     7 |       ||   104
       Hand axe          |       |       |       |   228 |   307 |       |       |       ||   535
       Broad axe         |       |       |       |       |  1031 |  1373 |  1694 |  2077 ||  6175
Throw: Throwing net      |       |       |       |     2 |       |       |     2 |     1 ||     5
Invok: Heroism           |       |       |     1 |     7 |     2 |     2 |     2 |       ||    14
       Finesse           |       |       |       |     3 |     5 |    10 |    14 |     3 ||    35
 Abil: Blink             |       |       |       |       |     2 |       |     4 |       ||     6
Evoke: Wand              |       |       |       |     4 |       |     6 |     1 |     2 ||    13
  Use: Scroll            |     1 |     2 |     3 |     6 |     3 |     3 |     3 |     7 ||    28
       Potion            |       |     1 |     3 |     9 |     6 |     3 |     2 |     4 ||    28
 Stab: Invisible         |       |       |       |     5 |       |       |       |       ||     5
       Held in net/web   |       |       |       |     2 |       |       |       |       ||     2
       Petrified         |       |       |       |       |       |       |       |     1 ||     1
Armor: Scale mail        |    29 |       |       |       |       |       |       |       ||    29
       Chain mail        |    24 |    50 |   113 |       |       |       |       |       ||   187
       Crystal plate arm |       |       |    82 |   474 |   795 |   844 |   694 |  1407 ||  4296
       Skin              |       |       |    64 |    34 |       |       |       |       ||    98
Dodge: Dodged            |    41 |    13 |    73 |   104 |   223 |   281 |   183 |   395 ||  1313
Block: Kite shield       |    74 |    40 |   210 |   543 |   941 |   979 |   858 |  1502 ||  5147
